[Event "Early-Titled-Tuesday-Blitz-January-30-2024"]
[Site "Chess.com"]
[Date "2024.01.30"]
[Round "7"]
[White "Witik"]
[Black "LiadCuba"]
[Result "1-0"]
[WhiteElo "2661"]
[BlackElo "2444"]
[TimeControl "180+1"]
[EndTime "9:20:17 PST"]
[Termination "Witik won on time"]

1. d4 d5 2. c4 e6 3. Nf3 Nf6 4. g3 c5 5. cxd5 exd5 6. Bg2 Nc6 7. O-O a6 8. Nc3 Be6 9. Bg5 cxd4 10. Nxd4 Be7 11.
Nxe6 fxe6 12. Bh3 Qd6 13. Bxf6 Bxf6 14. Ne4 Qe5 15. Nxf6+ Qxf6 16. e4 dxe4 17. Qe2 O-O 18. Qxe4 e5 19. Rad1 Rad8 20. Rxd8 Rxd8 21. Bg2 g6 22. h4 Kg7 23. Qe3 Rd6 24. Rc1 Qe7 25. Bxc6 Rxc6 26. Rxc6 bxc6 27. Qb6 Qd6 28. Qxa6 Qd1+ 29.
Qf1 Qc2 30. Qa1 e4 31. a4 Kh6 32. a5 Kh5 33. a6 Kg4 34. Qe1 Qa4 35. Kg2 Kf5 36. Qe2 Qa5 37. Qc4 e3 38. Qf4+ Ke6 39.
Qxe3+ Kd7 40. a7 Kc7 41. Qd4 Kb7 42. Qg7+ Ka8 43. Qxh7 Qd5+ 44. Kh2 Qd4 45. Qg8+ Kxa7 46. Qf7+ Kb6 47. b3 Kb5 48. Qf4 Qd5 49. b4 Kb6 50. g4 Qd1 51. Kg3 Qd3+ 52. Qe3+ Qxe3+ 53. fxe3 Kb5 54. h5 gxh5 55. gxh5 Kxb4 56. h6 c5 57. h7 c4 58. h8=Q c3 59. Qb8+ Kc4 60. Qc7+ Kd3 61. e4 c2 62. e5 Kd2 63. e6 c1=Q 64. Qxc1+ Kxc1 65. e7 1-0

[Event "Early-Titled-Tuesday-Blitz-January-30-2024"]
[Site "Chess.com"]
[Date "2024.01.30"]
[Round "7"]
[White "WindWhistler11"]
[Black "PolandHussars"]
[Result "1-0"]
[WhiteElo "2476"]
[BlackElo "2595"]
[TimeControl "180+1"]
[EndTime "9:20:18 PST"]
[Termination "WindWhistler11 won by checkmate"]

1. Nf3 d5 2. c4 dxc4 3. Na3 Nf6 4.
Nxc4 e6 5. b3 Be7 6. Bb2 O-O 7.
Rc1 c5 8. g3 b5 9. Nce5 Bb7 10.
Bg2 Nbd7 11. Nd3 Rc8 12. O-O Qa5 13. a3 Rfd8 14. Nf4 Nb6 15. d3 Nbd5 16. Ng5 h6 17.
Ngh3 Nb6 18. Bxb7 Rc7 19. Bh1 g5 20. Ng2 c4 21. b4 Qa6 22. Ne3 Na4 23. Be5 Rcd7 24.
d4 Nb6 25. Ra1 Ne8 26. d5 f6 27. Bd4 exd5 28. Nf5 Bf8 29. Qc2 Qb7 30. f4 g4 31. Nf2 h5 32. Rad1 Nc8 33. e4 dxe4 34. Nxe4 Qa6 35. Bb2 Qe6 36. Rde1 Qf7 37. Qc3 Rd3 38. Nxf6+ Nxf6 39. Qxf6 Qxf6 40. Bxf6 R8d7 41. Be5 Rxa3 42. Bc6 Rd2 43. Bxb5 Raa2 44. Bxc4+ Kh7 45. Bxa2 Rxa2 46. Bf6 Bxb4 47. Rc1 Nb6 48. Nh4 Nd5 49. Bd4 Rd2 50. Rfd1 Re2 51. Bf2 Nc3 52. Rd7+ Kg8 53. Nf5 a5 54. Nh6+ Kf8 55. Rf7+ Ke8 56.
Re1 Rxe1+ 57. Bxe1 Ne2+ 58. Kf2 Bxe1+ 59. Kxe1 Nd4 60.
Ra7 Nf3+ 61. Kf2 Nxh2 62. Rxa5 Nf3 63. Rxh5 Ke7 64. Nxg4 Nd4 65. Re5+ Kf7 66. Ne3 Kg6 67. g4 Kf6 68. Nc4 Ne6 69. Rf5+ Kg6 70. Ke3 Ng7 71. Ne5+ Kh6 72. Rf6+ Kh7 73. Ke4 Ne8 74. Rf7+ Kg8 75. Re7 Nd6+ 76. Kd5 Nb5 77. Ke6 Nd4+ 78. Kf6 Ne2 79. Ng6 Nxf4 80. Re8+ Kh7 81. Rh8# 1-0

[Event "Early-Titled-Tuesday-Blitz-January-30-2024"]
[Site "Chess.com"]
[Date "2024.01.30"]
[Round "7"]
[White "pirulillo"]
[Black "GameOverBro"]
[Result "1-0"]
[WhiteElo "2300"]
[BlackElo "2545"]
[TimeControl "180+1"]
[EndTime "9:20:19 PST"]
[Termination "pirulillo won by resignation"]

1. e4 c5 2. Nf3 Nc6 3. b4 cxb4 4. d4 d5 5. exd5 Qxd5 6. c4 bxc3 7. Nxc3 Qa5 8. d5 Nb8 9. Bd2 Nf6 10. Nb5 Qd8 11.
Bf4 Na6 12. Bc4 g6 13. d6 Bg7 14. dxe7 Qxe7+ 15. Kf1 Be6 16. Nd6+ Kf8 17. Bxa6 bxa6 18.
Nf5 Qd7 19. Bd6+ Kg8 20. Ne7+ Kf8 21. Nxg6+ Kg8 22. Ne7+ Kf8 23. Ne5 Qb5+ 24. Kg1 Ke8 25. Rb1 Qd5 26. Nxd5 Nxd5 27. Qa4+ Kd8 28. Nc6+ Kd7 29.
Be5 Bxe5 30. Nxe5+ Ke7 31. Qa3+ Kf6 32. Nf3 Rhg8 33.
g3 Rg4 34. h3 Re4 35. Kh2 Rg8 36. Rhe1 Rc4 37. Qb2+ Ke7 38. Ne5 Rc7 39. Rbc1 Rcc8 40.
Qb7+ Kf6 41. Nd7+ Bxd7 42. Qxd7 Rxc1 43. Rxc1 Nb6 44. Qd6+ Kg7 45. Rc5 h6 46. Rc7 Re8 47. Rxa7 Nc4 48. Qd4+ Ne5 49. f4 h5 50. fxe5 Re6 51.
Rd7 h4 52. Rd6 hxg3+ 53. Kxg3 Re7 54. e6+ Kh7 55. exf7 Rxf7 56. Qe4+ Kg7 57. Rg6+ Kf8 58. Rg4 Re7 59. Rf4+ Ke8 60. Qf3 a5 61. Re4 a4 62.
Rxe7+ Kxe7 63. Qc6 a3 64. Kf4 Kf7 65. Qd6 Ke8 66.
Qc7 Kf8 67. Kf5 1-0

[Event "Early-Titled-Tuesday-Blitz-January-30-2024"]
[Site "Chess.com"]
[Date "2024.01.30"]
[Round "7"]
[White "Rud_Makarian"]
[Black "Elsa167"]
[Result "0-1"]
[WhiteElo "2999"]
[BlackElo "2862"]
[TimeControl "180+1"]
[EndTime "9:20:20 PST"]
[Termination "Elsa167 won on time"]

1. d4 Nf6 2. c4 e6 3. Nf3 Bb4+ 4.
Bd2 Qe7 5. g3 Nc6 6. b3 O-O 7. Bg2 Bxd2+ 8. Qxd2 d6 9. O-O e5 10.
Nc3 Bg4 11. d5 Nb8 12. h3 Bd7 13. e4 a5 14. Ne1 Na6 15. Nd3 Rae8 16. Rae1 b6 17.
f4 Nc5 18. f5 h6 19. Kh2 Nxd3 20. Qxd3 Rc8 21. g4 c6 22. dxc6 Bxc6 23. Qe3 Nd7 24. Bf3 Nc5 25. Rg1 Qg5 26. Kg3 Qf4+ 27. Qxf4 exf4+ 28. Kxf4 Nd3+ 29. Ke3 Nxe1 30. Rxe1 f6 31. Kd4 Rfd8 32.
a3 Kf7 33. Be2 Ke7 34. Bd3 Kd7 35. h4 Rh8 36. Rg1 Rce8 37. Bc2 Re5 38. b4 axb4 39. axb4 Kc7 40. g5 hxg5 41. hxg5 Re7 42. gxf6 gxf6 43. Rg6 Rf7 44. Ba4 Bxa4 45. Nxa4 Rh2 46. Nc3 Rd2+ 47. Ke3 Rb2 48. b5 Rh7 49. Nd5+ Kb7 50. Nxf6 Rh3+ 51. Kf4 Rf2+ 52. Kg4 Rh1 53. Kg5 Rc2 54. Rg7+ Kb8 55. Ng4 Rxc4 56. f6 Rf1 57. f7 Rc8 58. Nf6 Rg1+ 59.
Kh6 Rh1+ 60. Kg6 Rg1+ 0-1

[Event "Early-Titled-Tuesday-Blitz-January-30-2024"]
[Site "Chess.com"]
[Date "2024.01.30"]
[Round "7"]
[White "Chessdreamer2020"]
[Black "Sajith_Peiris"]
[Result "1-0"]
[WhiteElo "2557"]
[BlackElo "2276"]
[TimeControl "180+1"]
[EndTime "9:20:20 PST"]
[Termination "Chessdreamer2020 won by resignation"]

1. e4 c6 2. d4 d5 3. exd5 cxd5 4. Bd3 Nf6 5. h3 Nc6 6. c3 e5 7. dxe5 Nxe5 8. Nf3 Nxd3+ 9. Qxd3 Bd6 10. O-O O-O 11.
Bg5 Be6 12. Nbd2 h6 13. Bh4 Be7 14. Rfe1 Qc7 15. Rad1 Rad8 16. Nd4 Qb6 17. N2b3 Rfe8 18. Re3 Ne4 19. Bxe7 Rxe7 20. Rde1 Red7 21. f3 Nf6 22. Kh1 Rd6 23. Nxe6 Rxe6 24. Rxe6 fxe6 25. Qg6 Re8 26. Nd4 Qd6 27. Re2 Qd7 28. Qg3 Qf7 29. Qe5 Nd7 30. Qd6 Nf8 31. a4 Kh8 32. a5 a6 33. Qb6 e5 34. Nb3 Ng6 35. Nc5 Nf4 36. Rf2 Ne6 37.
Qxb7 Re7 38. Qxd5 Nxc5 39. Qxc5 Qf6 40. Rd2 Re6 41. Qd5 Qg6 42. Qa8+ Kh7 43. Qe4 h5 44. Kg1 Kh6 45. Qxg6+ Rxg6 46. Rd5 Re6 47. Kf2 Kg6 48. Ke3 Kf6 49. Rd7 g6 50. Rb7 g5 51. Rb6 Kf5 52. Rxe6 Kxe6 53. Ke4 Kd6 54. b4 Kc6 55. c4 Kd6 56. b5 axb5 57. cxb5 Kc5 58. b6 Kc6 59. Kxe5 1-0

[Event "Early-Titled-Tuesday-Blitz-January-30-2024"]
[Site "Chess.com"]
[Date "2024.01.30"]
[Round "7"]
[White "ChEsper99"]
[Black "Nekoo04"]
[Result "1/2-1/2"]
[WhiteElo "2150"]
[BlackElo "2387"]
[TimeControl "180+1"]
[EndTime "9:20:21 PST"]
[Termination "Game drawn by repetition"]

1. e4 c5 2. Nf3 d6 3. c3 Nf6 4. h3 Nc6 5. d4 cxd4 6. cxd4 Nxe4 7. d5 Qa5+ 8. Nc3 Nxc3 9. bxc3 Ne5 10. Bd2 Qxd5 11. Nxe5 Qxe5+ 12. Be2 g6 13. O-O Bg7 14. Be3 Qa5 15. Bd4 O-O 16. Bxg7 Kxg7 17. Qd4+ Kg8 18. Bc4 Qc5 19. Qxc5 dxc5 20. Rfe1 e6 21. Rad1 b6 22.
Rd6 Bb7 23. Red1 a6 24. Rxb6 Be4 25. Rxa6 Rxa6 26. Bxa6 Bd5 27. c4 Be4 28. Bb5 Ra8 29. a4 Bc2 30. Rd2 Bb3 31. Rb2 Bd1 32. Rd2 Bb3 33.
Rd3 Bc2 34. Rc3 Bd1 35. Ra3 Ra5 36. Rd3 Bc2 37. Rd2 Bb3 38. Rb2 Bd1 39. Rb1 Bc2 40.
Rc1 Bb3 41. Kf1 Kg7 42. Rb1 Bc2 43. Rb2 Bd1 44. Ke1 Bxa4 45. Ra2 Bxb5 46. Rxa5 Bxc4 47. Rxc5 Bd5 48. Rc3 Bxg2 49. Rg3 Bd5 50. Ke2 h6 51. f3 Kf6 52. Rg4 h5 53. Rb4 g5 54. Kf2 Kf5 55.
Kg3 h4+ 56. Kf2 f6 57. Ke3 Ke5 58. Ra4 Kf5 59. Rb4 Bc6 60. Rb6 Bd5 61. Rb4 1/2-1/2

[Event "Early-Titled-Tuesday-Blitz-January-30-2024"]
[Site "Chess.com"]
[Date "2024.01.30"]
[Round "7"]
[White "Eagle_2019"]
[Black "GroovyKettle"]
[Result "1-0"]
[WhiteElo "2825"]
[BlackElo "2961"]
[TimeControl "180+1"]
[EndTime "9:20:22 PST"]
[Termination "Eagle_2019 won on time"]

1. d4 Nf6 2. c4 e6 3. Nf3 d5 4. g3 dxc4 5. Bg2 Bd7 6. Nbd2 Bb5 7. Ne5 a5 8. O-O Qxd4 9. Ndxc4 Qxd1 10. Rxd1 c6 11. Bg5 h6 12. Bd2 a4 13. Bc3 Be7 14. e4 O-O 15. Nd6 Ba6 16. f4 Ne8 17. Nc8 Bc5+ 18.
Bd4 Bxd4+ 19. Rxd4 Nc7 20. Nb6 Ra7 21. Nxa4 Nb5 22.
Rd2 f6 23. Nf3 f5 24. Nc5 fxe4 25. Nxe4 Nc7 26. b3 Nd5 27. Nd4 Nd7 28. Nxe6 Re8 29. Nc7 Nxc7 30. Rxd7 Nd5 31. Nc5 Nf6 32. Rd2 Bb5 33.
Rad1 b6 34. Na4 Bxa4 35. bxa4 Rc8 36. Rc2 c5 37. Rd6 Rxa4 38. Rxb6 c4 39. Bc6 Ra5 40. Rxc4 Kf8 41. Rc2 Nd5 42. Rbb2 Ne3 43. Re2 Nd1 44. Rbd2 Nc3 45. Re6 Ra6 46. Rdd6 Rxa2 47. Bd7 Rd8 48. Rd3 Na4 49. Red6 Nc5 50. Rd1 Rc2 51. Bf5 Rxd6 52. Rxd6 Rc1+ 53. Kg2 Ke7 54. Rd5 Rc3 55. g4 Kf6 56. h4 g6 57. Rd6+ Kf7 58. Rxg6 Rc4 59. Rxh6 Rxf4 60. Rc6 Nb3 61. h5 Kg7 62. h6+ 1-0

[Event "Early-Titled-Tuesday-Blitz-January-30-2024"]
[Site "Chess.com"]
[Date "2024.01.30"]
[Round "7"]
[White "ChainedDowntohell"]
[Black "garfield_pg"]
[Result "0-1"]
[WhiteElo "2581"]
[BlackElo "2471"]
[TimeControl "180+1"]
[EndTime "9:20:22 PST"]
[Termination "garfield_pg won on time"]

1. d4 d5 2. c4 e6 3. Nf3 a6 4. e3 Nf6 5. b3 c5 6. Bd3 dxc4 7.
bxc4 cxd4 8. exd4 Bb4+ 9. Kf1 Nc6 10. Bb2 O-O 11. Qe2 Bd6 12. Nbd2 Re8 13. Rd1 Qe7 14. h4 e5 15. d5 Nb8 16. Ng5 Nbd7 17. Nde4 h6 18. Nxd6 Qxd6 19. Ne4 Nxe4 20. Bxe4 Nc5 21. g4 Bd7 22. g5 Nxe4 23. Qxe4 h5 24. Rc1 Rac8 25. Kg2 b5 26. cxb5 axb5 27. Rhe1 Rxc1 28. Rxc1 f5 29. gxf6 Qxf6 30. Rc7 Bf5 31. Qe3 Qg6+ 32.
Kh2 Be4 33. Qg5 Qxg5 34. hxg5 Bxd5 35. Rc5 Bxa2 36. Rxe5 Rxe5 37. Bxe5 Kf7 38. Kg3 g6 39. Kf4 Ke6 40. Ke4 Bb1+ 41. Kd4 Kf5 42. Bf6 Ba2 43.
Kc5 Bc4 44. Kd4 Kf4 45. Be5+ Kf3 46. Bg3 Kg4 47. Be5 Kxg5 48. Ke3 Kg4 49. f3+ Kf5 50.
Bc3 h4 51. Kf2 g5 52. Ke3 Bd5 53. Kf2 Bc6 54. Bb2 Kf4 55. Bc1+ Kf5 56. Bb2 b4 57. Bc1 b3 58. Bb2 Kf4 59. Bc1+ Kf5 60. Bb2 g4 61. fxg4+ Kxg4 62. Bd4 h3 63. Kg1 Kf3 64. Kh2 Bd7 65.
Be5 Ke4 0-1

[Event "Early-Titled-Tuesday-Blitz-January-30-2024"]
[Site "Chess.com"]
[Date "2024.01.30"]
[Round "7"]
[White "SharapovEvgeny"]
[Black "Alen_Yeremyann"]
[Result "1-0"]
[WhiteElo "2567"]
[BlackElo "2727"]
[TimeControl "180+1"]
[EndTime "9:20:25 PST"]
[Termination "SharapovEvgeny won by resignation"]

1. e4 c5 2. Nf3 Nc6 3. d4 cxd4 4.
Nxd4 Nf6 5. Nc3 e5 6. Ndb5 d6 7. Bg5 a6 8. Na3 b5 9. Nd5 Be7 10. Bxf6 Bxf6 11. c3 Bg5 12. Nc2 O-O 13. a4 bxa4 14.
Rxa4 Rb8 15. b4 a5 16. Bc4 Bd7 17. Ra2 axb4 18. cxb4 Kh8 19. O-O f5 20. exf5 Bxf5 21. b5 Na5 22. Bd3 Be6 23. Ncb4 Bxd5 24. Nxd5 Nb7 25.
Bc4 Nc5 26. Ra7 Rc8 27. Ba2 Ra8 28. Rxa8 Qxa8 29. Bc4 Qc8 30. b6 e4 31. Qd4 Qf5 32. Ne3 Qg6 33. Qd5 Qh6 34. Nf5 Qg6 35. Nxd6 Nd7 36. Nf7+ Rxf7 37. Qxf7 Qxf7 38. Bxf7 Nxb6 39. Rb1 Nd7 40. Rb7 Nf8 41. Rb8 Be7 42. Re8 Bc5 43.
Rxe4 g6 44. Bd5 Kg7 45. Kf1 Nd7 46. Rc4 Bd6 47. Rc6 Be5 48. g3 Nf6 49. Bf3 h5 50. h4 Kf7 51. Ke2 Kg7 52. Ra6 Kf7 53. Ke3 Kg7 54. Be4 Ng4+ 55. Kf3 Bf6 56. Ra7+ Kh6 57.
Ra6 Kg7 58. Bc2 Ne5+ 59. Ke2 Ng4 60. f3 Ne5 61. f4 Ng4 62. f5 gxf5 63. Bxf5 Ne5 64.
Ra7+ Kg8 65. Rh7 Nc6 66. Rxh5 Kg7 67. Be4 Nd4+ 68. Kd3 Ne6 69. Ra5 Be7 70. Ra7 Kf8 71. Ke2 Nd4+ 72. Kd3 Ne6 73. Kc4 Nd8 74. Bd5 Bd6 75.
Rd7 Be7 76. h5 Ke8 77. Rxe7+ Kxe7 78. g4 Kf6 79. Kd4 Kg5 80. Ke5 Kh6 81. Kf6 Kh7 82. g5 Kh8 83. h6 Nf7 84. Kxf7 1-0

[Event "Early-Titled-Tuesday-Blitz-January-30-2024"]
[Site "Chess.com"]
[Date "2024.01.30"]
[Round "7"]
[White "Mesa_1"]
[Black "vasblesk"]
[Result "1/2-1/2"]
[WhiteElo "2570"]
[BlackElo "2755"]
[TimeControl "180+1"]
[EndTime "9:20:26 PST"]
[Termination "Game drawn by repetition"]

1. e4 c5 2. Nf3 g6 3. c3 Bg7 4.
d4 cxd4 5. cxd4 d5 6. e5 Nh6 7. h3 O-O 8. Nc3 f6 9. exf6 Rxf6 10. Be2 Nc6 11. O-O Nf5 12. Bg5 Rf7 13. Re1 Ncxd4 14.
Nxd4 Nxd4 15. Bf1 Bxh3 16. Be3 e5 17. gxh3 Nf3+ 18. Kh1 Nxe1 19. Qxe1 d4 20. Bc4 Qc7 21. Bxf7+ Qxf7 22. Qe2 dxc3 23. bxc3 b6 24. Rd1 Qe6 25. Kg2 Qc6+ 26. Qf3 Qxf3+ 27. Kxf3 b5 28. Rd7 a6 29. Ke4 Rc8 30. Ra7 Rxc3 31. Rxa6 Rc4+ 32. Kd5 Ra4 33.
Rb6 h5 34. Rxg6 Rxa2 35. Bh6 Ra7 36. Bxg7 Rxg7 37. Rb6 Rg5 38. Ke4 Rg2 39. Kf3 Rh2 40.
Kg3 Rh1 41. Rxb5 Re1 42. Kh4 Kf7 43. Kxh5 Kf6 44. Kg4 Re4+ 45. Kg3 Rf4 46. f3 Kf5 47. h4 Ra4 48. Rb8 Ra1 49. Rf8+ Kg6 50. Rg8+ Kf6 51. Rg4 Kf5 52. Rg5+ Kf6 53. Rg4 Kf5 54. Rb4 Rh1 55. Kg2 Rd1 56. Kf2 Rh1 57. Ra4 Rh2+ 58. Ke3 Rh1 59.
Rg4 Rh3 60. Rg5+ Kf6 61. Rh5 Kg6 62. Rxe5 Rxh4 63. f4 Kf6 64. Ra5 Rh1 65. Ra6+ Kf5 66. Ra5+ Kf6 67. Ke4 Re1+ 68. Kf3 Rb1 69. Kg4 Rg1+ 70.
Kf3 Rb1 71. Ra6+ Kf5 72. Ra5+ Kf6 1/2-1/2

[Event "Early-Titled-Tuesday-Blitz-January-30-2024"]
[Site "Chess.com"]
[Date "2024.01.30"]
[Round "7"]
[White "GMSrinath"]
[Black "IwkooO"]
[Result "0-1"]
[WhiteElo "2820"]
[BlackElo "2670"]
[TimeControl "180+1"]
[EndTime "9:20:29 PST"]
[Termination "IwkooO won on time"]

1. Nf3 Nf6 2. c4 b6 3. d4 Bb7 4. a3 e6 5. Nc3 d5 6. Qc2 Be7 7. cxd5 exd5 8. Bg5 O-O 9. e3 Nbd7 10. Bd3 h6 11.
Bh4 c5 12. O-O Rc8 13. Rad1 Ne4 14. Nxd5 Bxd5 15. Bxe4 cxd4 16. Qb1 Bc4 17. Bxe7 Qxe7 18. Rfe1 dxe3 19. Rxe3 Be6 20. Nd4 Nc5 21. Nxe6 Nxe6 22.
Bh7+ Kh8 23. Bf5 Rfd8 24. Rde1 Rd6 25. g3 Qf6 26. h4 Rd2 27. R3e2 Rxe2 28. Rxe2 Nd4 29.
Bxc8 Nxe2+ 30. Kf1 Nxg3+ 31. Kg2 Ne2 32. Qe4 Nf4+ 33.
Kg3 Nh5+ 34. Kg2 g6 35. Bg4 Qxh4 36. Qe5+ Nf6 37. Qb8+ Kg7 38. Bf3 Qg5+ 39. Kf1 Qc1+ 40. Kg2 Qxb2 41. Qxa7 Qd4 42. a4 Qd6 43. Qa6 Qb4 44.
Bc6 h5 45. Qb7 Qd4 46. Qa7 h4 47. Bf3 Qf4 48. Qa8 g5 49. Bc6 g4 50. Qd8 h3+ 51.
Kg1 Qc1+ 52. Kh2 Qxc6 53. Qd4 Qc5 54. Qf4 Kg6 55. Qb8 Qf5 56. Qxb6 Qf4+ 57. Kg1 Qf3 58. Qb1+ Kg7 59. Qf1 Ne4 60. a5 Nd2 61. Qa1+ f6 0-1

[Event "Early-Titled-Tuesday-Blitz-January-30-2024"]
[Site "Chess.com"]
[Date "2024.01.30"]
[Round "7"]
[White "tusplingher"]
[Black "Zavgorodniy_Sergiy"]
[Result "1-0"]
[WhiteElo "2482"]
[BlackElo "2608"]
[TimeControl "180+1"]
[EndTime "9:20:29 PST"]
[Termination "tusplingher won on time"]

1. e4 e5 2. Nf3 d6 3. d4 exd4 4.
Nxd4 Nf6 5. Nc3 Be7 6. Bc4 O-O 7.
O-O c6 8. a4 Nxe4 9. Nxe4 d5 10. Bd3 dxe4 11. Bxe4 Bf6 12. Be3 Re8 13. Bf3 Nd7 14.
c3 Ne5 15. Be2 Qc7 16. h3 Ng6 17. Qd2 Bd7 18. Rad1 Rad8 19. Qc1 Be5 20. Bc4 h6 21. Qc2 Nf4 22. Nf3 Bf6 23. Rfe1 b5 24. Bb3 c5 25. axb5 c4 26. Ba4 Nd3 27. Rf1 Qb7 28. Nd4 Bxh3 29. gxh3 Rd5 30. Rxd3 cxd3 31. Qxd3 Rh5 32. Kh2 Qd7 33.
Bf4 Bxd4 34. cxd4 Re4 35. Bd1 Rxd4 36. Qf3 Rf5 37. Qa8+ Qd8 38. Qxd8+ Rxd8 39. Be3 Rxb5 40. Ba4 Rxb2 41. Kg3 Ra2 42. Bc6 Rc2 43. Be4 Rc7 44. Bf4 Rcd7 45. Ra1 g5 46. Be3 Re7 47. Bf5 Re5 48. Bg4 f5 49. f4 Rxe3+ 50. Kf2 gxf4 51. Bxf5 Rd2+ 52. Kg1 Rg3+ 53. Kh1 Rgg2 54. Rxa7 Kf8 55. Be4 Ke8 56. Bxg2 Rd1+ 57. Kh2 Rd2 58. Kg1 f3 59.
Bxf3 Kf8 60. Bg2 Rd3 61. Kh2 Re3 62. Ra6 Rc3 63. Rf6+ 1-0

[Event "Early-Titled-Tuesday-Blitz-January-30-2024"]
[Site "Chess.com"]
[Date "2024.01.30"]
[Round "7"]
[White "gshwbedhkhd"]
[Black "GelmanAlexander"]
[Result "1/2-1/2"]
[WhiteElo "2617"]
[BlackElo "2786"]
[TimeControl "180+1"]
[EndTime "9:20:32 PST"]
[Termination "Game drawn - insufficient material"]

1. e4 c5 2. Nf3 e6 3. d4 cxd4 4. Nxd4 a6 5. Bd3 d6 6. O-O Nf6 7. c4 b6 8. Nc3 Bb7 9. f4 Nbd7 10.
Qe2 Be7 11. b3 O-O 12. Bb2 g6 13. Rae1 Nh5 14. g3 Bf6 15. Nf3 Bg7 16. Bb1 b5 17. cxb5 axb5 18. Rd1 b4 19. Na4 Qe7 20. Bxg7 Nxg7 21.
Qd2 d5 22. Nd4 dxe4 23. Nxe6 Qxe6 24. Qxd7 Qa6 25. Rd6 Bc8 26. Rxa6 Bxd7 27. Rxa8 Rxa8 28. Bxe4 Re8 29. Nc5 Bf5 30. Bf3 Ne6 31. Re1 Rc8 32. Na6 Nd4 33. Bg2 Rc2 34. Nxb4 Rb2 35. h3 h5 36. Rd1 Ne2+ 37. Kh2 h4 38. gxh4 Nxf4 39. Rg1 Be4 40. Kg3 Nxg2 41. Rd1 Ne3 42. Re1 Nf5+ 43. Kf4 Bg2 44. h5 Bxh3 45. hxg6 fxg6 46. Kg5 Kg7 47.
Nd5 Rg2+ 48. Kf4 Rg4+ 49. Kf3 Rg5 50. Kf4 Rh5 51. Rc1 Rh4+ 52. Ke5 Bg2 53. Rc7+ Kh6 54. Nf6 Kg5 55. Nh7+ Kg4 56. Nf6+ Kf3 57. Rc3+ Kf2 58. a4 Rb4 59. Rc2+ Kg3 60. Rc3+ Kh4 61. Nd7 Nd4 62. Kf6 Rxb3 63. Rxb3 Nxb3 64. Kxg6 Bc6 65. Ne5 Bxa4 66.
Nf3+ Kg3 67. Ne5 Nd4 68. Kf6 Bb3 69. Nd7 Kf4 70. Ne5 Bd5 71. Ng6+ Ke4 72. Ne7 Ne6 73.
Nxd5 1/2-1/2

[Event "Early-Titled-Tuesday-Blitz-January-30-2024"]
[Site "Chess.com"]
[Date "2024.01.30"]
[Round "7"]
[White "zverr1"]
[Black "PavelShkapenko"]
[Result "0-1"]
[WhiteElo "2564"]
[BlackElo "2767"]
[TimeControl "180+1"]
[EndTime "9:20:33 PST"]
[Termination "PavelShkapenko won on time"]

1. e4 e5 2. Nf3 Nc6 3. Bc4 d6 4.
d4 Nf6 5. Nc3 Bg4 6. Bb5 Nd7 7.
Bxc6 bxc6 8. Be3 Be7 9. h3 Bh5 10. Qd2 Bxf3 11. gxf3 Bf6 12. d5 cxd5 13. Nxd5 g6 14. O-O-O O-O 15. Bh6 Bg7 16. h4 Nb6 17. Bxg7 Kxg7 18. h5 Nxd5 19. Qxd5 Qf6 20. Rh3 g5 21.
h6+ Kh8 22. Rg1 Rab8 23. Qd2 Rg8 24. Rh5 Qf4 25. Rhxg5 Rxg5 26. Rxg5 Qxf3 27. Rf5 Qh1+ 28.
Qd1 Qxd1+ 29. Kxd1 Kg8 30. b3 Rf8 31. Rf6 Re8 32. Kd2 Re6 33. Rxe6 fxe6 34. Kc3 Kf7 35. Kb4 Kg6 36. Ka5 Kxh6 37. Ka6 Kg6 38. Kxa7 h5 39. Kb8 h4 40. a4 h3 41. a5 h2 42. a6 h1=Q 43. a7 Qxe4 44. a8=Q Qxa8+ 45.
Kxa8 d5 46. Kb7 d4 47. f3 Kf5 48. Kxc7 Kf4 49. b4 Kxf3 50. b5 e4 51. b6 e3 52.
b7 e2 53. b8=Q e1=Q 54. Qf8+ Ke2 55. Qf4 Qc3+ 56. Kd7 Qe3 57. Qg4+ Kd2 58. Kd6 Kxc2 59. Qg2+ Kc3 60. Qa2 d3 61. Qa3+ Kd2 62. Qb2+ Ke1 63. Qb1+ Ke2 64. Qb2+ d2 65. Qc2 Qd3+ 66. Ke5 Qxc2 0-1

[Event "Early-Titled-Tuesday-Blitz-January-30-2024"]
[Site "Chess.com"]
[Date "2024.01.30"]
[Round "7"]
[White "InitiatingASC"]
[Black "Sadykov_Ramil"]
[Result "1/2-1/2"]
[WhiteElo "2420"]
[BlackElo "2594"]
[TimeControl "180+1"]
[EndTime "9:20:40 PST"]
[Termination "Game drawn - insufficient material"]

1. d4 d6 2. e4 Nf6 3. Nc3 e5 4. dxe5 dxe5 5. Qxd8+ Kxd8 6. Nf3 Nfd7 7. Ng5 Ke8 8. Bc4 h6 9. Nxf7 Rh7 10. Nd5 Kxf7 11. Nxc7+ Ke7 12. Nxa8 Kd8 13. Be3 Nc6 14. O-O-O b6 15.
Bb5 Bb7 16. Bxb6+ axb6 17. Nxb6 g5 18. Rd5 Kc7 19. Nxd7 Rxd7 20. Rxd7+ Kxd7 21. Rd1+ Kc7 22. c3 g4 23. a4 h5 24. Kc2 Bh6 25.
h3 gxh3 26. gxh3 h4 27. Rg1 Bf4 28. Rg4 Na7 29. f3 Nxb5 30. axb5 Kb6 31. Rxh4 Kxb5 32. Rh7 Bc8 33. b3 Be6 34. c4+ Kc5 35. Rb7 Bxh3 36. Rb5+ Kc6 37. Ra5 Bg2 38. Ra6+ Kb7 39. Ra5 Bxf3 40.
Kd3 Kc6 41. b4 Bg2 42. b5+ Kc5 43. Ra4 Bf1+ 44. Kc3 Be3 45. Kb3 Bd4 46. b6 Kxb6 47. Rb4+ Kc5 48. Rb5+ Kc6 49. Rd5 Bg2 50. Rd8 Bxe4 51.
Rc8+ Kb7 52. Rd8 Kc7 53. Re8 Bc6 54. Re6 Kd7 55. Rh6 Be3 56. Rh7+ Kd6 57. Kc3 Be4 58.
Rh3 Bd4+ 59. Kb4 Bc5+ 60. Kb5 Bd4 61. Rh6+ Kc7 62. c5 Bd3+ 63. Kb4 e4 64. Rd6 Be5 65.
Rd5 Bf4 66. Rd4 Bd2+ 67. Kb3 Be3 68. Rd5 Kc6 69. Re5 Bxc5 70. Kc3 Bd6 71. Rh5 Kd7 72.
Kd4 Ke6 73. Rh6+ Ke7 74. Rh4 Bc2 75. Rxe4+ Bxe4 76. Kxe4 1/2-1/2

[Event "Early-Titled-Tuesday-Blitz-January-30-2024"]
[Site "Chess.com"]
[Date "2024.01.30"]
[Round "7"]
[White "nindjaxx8"]
[Black "alekroth65"]
[Result "1-0"]
[WhiteElo "2592"]
[BlackElo "2362"]
[TimeControl "180+1"]
[EndTime "9:20:43 PST"]
[Termination "nindjaxx8 won on time"]

1. d4 d6 2. c4 e5 3. Nc3 exd4 4. Qxd4 Nc6 5. Qd2 Nf6 6. b3 Be6 7. Bb2 d5 8. cxd5 Nxd5 9. e3 Bb4 10. Nf3 Nxc3 11. Bxc3 Qxd2+ 12. Bxd2 O-O-O 13. Bb5 Rd6 14. Bxc6 Bxd2+ 15. Nxd2 Rxc6 16. Ke2 Rd8 17. Rac1 Ra6 18. Rc2 Bf5 19. e4 Bg6 20. Rhc1 c6 21. f4 Re8 22.
Kf3 f5 23. e5 Bf7 24. Nf1 Bd5+ 25. Kf2 Be4 26. Rd2 Rd8 27. Rcd1 Rxd2+ 28. Rxd2 c5 29. Ne3 Rc6 30. Nc4 Kc7 31. Nd6 g6 32. Ke3 a6 33.
Nxe4 fxe4 34. Kxe4 b5 35. g4 c4 36. Rc2 c3 37. a3 a5 38. f5 b4 39. axb4 axb4 40. Kd5 Ra6 41. e6 Ra1 42. Kc4 gxf5 43. gxf5 Rf1 44. Kxb4 Rxf5 45. Rxc3+ Kd6 46. Re3 Rf4+ 47. Ka5 Rf8 48. b4 Ra8+ 49. Kb5 Ke7 50. Kc5 Rb8 51. b5 Rc8+ 52. Kb4 Rb8 53. Ka5 Ra8+ 54. Kb6 Rb8+ 55.
Kc6 Rc8+ 56. Kb7 Rc2 57. b6 Rxh2 58. Ka7 Ra2+ 59. Kb8 h5 60. b7 h4 61. Kc8 Rc2+ 62. Kb8 Rb2 63. Rh3 Rb4 64. Kc7 Rc4+ 65. Kb6 Rb4+ 66. Kc6 Kxe6 67. Rxh4 Rxh4 68. b8=Q Re4 69. Qe8+ Kf5 70. Qh5+ Kf4 71. Kd5 Re3 72. Qh4+ 1-0

[Event "Early-Titled-Tuesday-Blitz-January-30-2024"]
[Site "Chess.com"]
[Date "2024.01.30"]
[Round "7"]
[White "Korchmar_Vasiliy"]
[Black "Cambek64"]
[Result "1-0"]
[WhiteElo "2712"]
[BlackElo "2516"]
[TimeControl "180+1"]
[EndTime "9:20:44 PST"]
[Termination "Korchmar_Vasiliy won on time"]

1. e4 e6 2. d4 d5 3. e5 c5 4. c3 Nc6 5. Nf3 Bd7 6. Be2 Nge7 7. Na3 cxd4 8. cxd4 Nf5 9. Nc2 Qb6 10. O-O h5 11. Bd3 Ncxd4 12. Nfxd4 Nxd4 13. Be3 Bc5 14. b4 Bxb4 15.
Bxd4 Qa5 16. Nxb4 Qxb4 17. Be2 Bc6 18. Rb1 Qe7 19. Qc1 Qh4 20. Bc5 Rh6 21. g3 Rg6 22.
Bf3 Kd7 23. Rb4 Qh3 24. Qb1 h4 25. Rxb7+ Kc8 26. Bg2 Qg4 27. Bd6 hxg3 28. hxg3 Qd4 29. Rc7+ Kd8 30. Rd1 Qc4 31. Rc1 Qd4 32. R1xc6 Rxg3 33. Rd7+ Ke8 34. Re7+ Kd8 35. Qf1 Rb8 36. Bxb8 Kxe7 37.
Bd6+ Kd8 38. Bc5 Rxg2+ 39. Qxg2 Qa4 40. Rd6+ Ke8 41. Qf3 Qxa2 42. Kg2 Qb1 43. Qg4 Qd3 44. Bd4 g6 45. Rc6 Qf5 46. Rc8+ Kd7 47. Qxf5 exf5 48. Ra8 Kc6 49. Rxa7 Kb5 50. Kg3 Kc4 51. Be3 d4 52. Ra4+ Kd5 53. Bxd4 Ke4 54. Ba1+ Kd3 55. Kf4 g5+ 56.
Kxf5 g4 57. Kf6 g3 58. fxg3 Ke2 59. Kxf7 Kf3 60. g4 Kg3 61. g5 Kf3 62. g6 Ke3 63. g7 Kd3 64. g8=Q Kc2 65. Qg3 Kb1 66. Rb4+ Ka2 67.
Qb3+ 1-0